 Dungeon Crawl Stone Soup version 0.30-a0-341-g682706514a (webtiles) character file.

Game seed: 18130774543432432123

329109 RascalDebosk the Sorcerer (level 22, -1/194 HPs)
             Began as a Djinni Conjurer on Oct 30, 2022.
             Was a High Priest of Ashenzari.
             Slain by Mennas
             ... wielding a +3 sacred scourge of holy wrath
              (8 damage)
             ... on level 2 of the Vaults on Nov 2, 2022.
             The game lasted 12:13:22 (37805 turns).

RascalDebosk the Sorcerer (Djinni Conjurer)        Turns: 37805, Time: 12:13:22

Health: -1/194     AC: 17    Str:  8    XL:     22   Next: 68%
Gold:   3225       EV: 20    Int: 36    God:    Ashenzari [*****.] SH: 11 Dex: 19

rFire   + + .      SeeInvis +    K - +6 demon blade (vamp)
rCold   x . .      Faith    .    V - +3 warlock's mirror {reflect, Self, Cun} (curse)
rNeg    . . .      Spirit   .    P - +4 troll leather armour of the Gnostic Scepticism {Regen+, Self, Cun} (curse)
rPois   ∞          Reflect  +    o - +2 helmet of the Prophetic Sky {Self, Melee} (curse)
rElec   .          Harm     .    d - +2 cloak "Restrained Inaction" {Self, Cun} (curse)
rCorr   .          Rampage  .    O - +0 pair of gloves of the Chained Adversity {Regen+ Str+2, Evo, Fort} (curse)
Will    ++...      Clarity  +    (boots unavailable)
Stlth   +.........               A - amulet "Sublime Gnosis" {Regen+, Self, Melee} (curse)
HPRegen 2.92/turn                q - +6 ring of dexterity
MPRegen 0.00/turn                M - ring of the Unyielding Gaze {Int+6, Self, Evo} (curse)

@: flying, glowing, studying Axes
A: sickness immunity, fire resistance 2, cold vulnerability 1, float, innate
caster, HP casting, extra vitality 1
}: 2/15 runes: serpentine, barnacled
a: Renounce Religion, Curse Item, Shatter the Chains


You were on level 2 of the Vaults.
You worshipped Ashenzari.
Ashenzari was extremely pleased with you.
You visited 8 branches of the dungeon, and saw 36 of its levels.
You visited the Abyss 2 times.
You visited 1 bazaar.
You also visited: Ice Cave and Volcano.

You collected 4992 gold pieces.
You spent 1767 gold pieces at shops.

Inventory:

Hand Weapons
 K - a +6 vampiric demon blade (weapon)
Armour
 d - the cursed +2 cloak "Restrained Inaction" (worn) {Self, Cun}
   (You found it on level 3 of the Lair of Beasts)

   It has a curse which improves the following skills: Introspection: Fighting
   and Spellcasting.
   Cunning:   Dodging and Stealth.
 o - the cursed +2 helmet of the Prophetic Sky (worn) {Self, Melee}
   (You took it off Robin on level 2 of the Dungeon)

   It has a curse which improves the following skills: Introspection: Fighting
   and Spellcasting.
   Melee Combat: Short Blades, Long Blades, Axes, Maces & Flails, Polearms,
   Staves and Unarmed Combat.
 O - the cursed +0 pair of gloves of the Chained Adversity (worn) {Regen+ Str+2, Evo, Fort}
   (You found it on level 2 of the Shoals)

   Str:       It affects your strength (+2).
   Regen:     It increases your rate of health regeneration.
   It has a curse which improves the following skills: Evocations: Evocations.
   Fortitude: Armour and Shields.
 P - the cursed +4 troll leather armour of the Gnostic Scepticism (worn) {Regen+, Self, Cun}
   (You found it on level 10 of the Dungeon)

   Regen:     It increases your rate of health regeneration.
   It has a curse which improves the following skills: Introspection: Fighting
   and Spellcasting.
   Cunning:   Dodging and Stealth.
 V - the cursed +3 warlock's mirror (worn) {reflect, Self, Cun}
   (You found it on level 3 of the Elven Halls)

   It can block and reflect piercing ranged attacks and magical attacks against
   the wielder's willpower.
   It has a curse which improves the following skills: Introspection: Fighting
   and Spellcasting.
   Cunning:   Dodging and Stealth.
Magical Staves
 Z - a staff of cold
Jewellery
 b - an amulet of the acrobat
 q - a +6 ring of dexterity (left hand)
 A - the cursed amulet "Sublime Gnosis" (around neck) {Regen+, Self, Melee}
   (You found it on level 5 of the Lair of Beasts)

   [amulet of regeneration]

   Regen:     It increases your rate of health regeneration.
   It has a curse which improves the following skills: Introspection: Fighting
   and Spellcasting.
   Melee Combat: Short Blades, Long Blades, Axes, Maces & Flails, Polearms,
   Staves and Unarmed Combat.
 M - the cursed ring of the Unyielding Gaze (right hand) {Int+6, Self, Evo}
   (You found it on level 9 of the Dungeon)

   [ring of intelligence]

   Int:       It affects your intelligence (+6).
   It has a curse which improves the following skills: Introspection: Fighting
   and Spellcasting.
   Evocations: Evocations.
 N - a ring of positive energy
 Q - a ring of ice
 R - a ring of resist corrosion
 Y - a ring of willpower
Wands
 a - a wand of polymorph (30)
 s - a wand of charming (37)
 v - a wand of mindburst (28)
 y - a wand of roots (30)
 E - a wand of flame (48)
 T - a wand of digging (16)
 X - a wand of quicksilver (6)
Scrolls
 f - 3 scrolls of fog
 g - 2 scrolls of blinking
 i - a scroll of fear
 k - 7 scrolls of vulnerability
 p - 2 scrolls of enchant armour
 t - 15 scrolls of teleportation
 z - 3 scrolls of torment
 G - a scroll of brand weapon
 I - 7 scrolls of poison
 J - 5 scrolls of magic mapping
Potions
 c - 4 potions of berserk rage
 e - 6 potions of heal wounds
 h - 9 potions of might
 j - 2 potions of cancellation
 m - 15 potions of curing
 n - 7 potions of lignification
 r - 5 potions of haste
 u - 5 potions of brilliance
 x - 6 potions of mutation
 D - 8 potions of ambrosia
 S - 6 potions of attraction
 W - 6 potions of resistance
Miscellaneous
 B - a box of beasts
 C - a lightning rod (4/4)
 F - a phial of floods
 U - a phantom mirror (inert)


   Skills:
 - Level 20.3(27) Fighting
 - Level 2.1(5.8) Short Blades
 + Level 5.3(8.8) Long Blades
 - Level 6.3(8.7) Armour
 - Level 9.1(13.6) Dodging
 - Level 1.5(4.4) Stealth
 - Level 10.0(12.3) Shields
 - Level 22.3(27) Spellcasting
 + Level 5.0(8.3) Evocations


You had 17 spell levels left.
You knew the following spells:

 Your Spells              Type           Power      Damage    Failure   Level
a - Magic Dart            Conj           100%       1d8       0%          1
b - Searing Ray           Conj           100%       2d8       0%          2
c - Dazzling Flash        Conj/Hex       100%       N/A       0%          3
d - Fulminant Prism       Conj/Hex       63%        3d26      0%          4
e - Iskenderun's Mystic   Conj/Tloc      100%       2d19      0%          4
f - Freeze                Ice            100%       1d10      0%          1
g - Poisonous Vapours     Pois/Air       100%       N/A       0%          2
h - Scorch                Fire           100%       2d10      0%          2
i - Airstrike             Air            63%        2d(10-26) 0%          4
j - Summon Lightning Spi  Summ/Air       100%       N/A       0%          4
k - Borgnjor's Vile Clut  Necr/Erth      63%        N/A       0%          5
l - Dispersal             Tloc           63%        N/A       0%          6
m - Summon Cactus Giant   Summ           63%        N/A       0%          6
n - Dragon Form           Tmut           63%        N/A       0%          7
o - Summon Hydra          Summ           63%        N/A       0%          7
Your spell library was empty.

Dungeon Overview and Level Annotations

Branches:
Dungeon (15/15)            Temple (1/1) D:5            Lair (5/5) D:9
 Shoals (4/4) Lair:3        Snake (4/4) Lair:3        Slime (0/5) Lair:5
    Orc (2/2) D:11            Elf (3/3) Orc:2        Vaults (2/5) D:13
 Depths (0/4) D:15          IceCv (visited)         Volcano (visited)
  Crypt: Vaults:2-3

Altars:
Ashenzari
Cheibriados
Dithmenos
Elyvilon
Fedhas
Gozag
Hepliaklqana
Makhleb
Nemelex Xobeh
Okawaru
Qazlal
Ru
Trog
Uskayaw
Wu Jian
Xom
Yredelemnul
Zin
The Shining One
Jiyva

Shops:
D:8 [   D:11 [   D:15 :   Orc:2 (::*   Elf:1 =   Elf:2 (   Elf:3 :   Shoals:1 [

Portals:
Trove: D:14 (give 6 scrolls of fog)

Annotations:
Shoals:1 1 exclusion
Snake:4 1 exclusion
Elf:1 3 runed translucent doors, 1 exclusion
Elf:2 3 runed translucent doors
Vaults:1 1 exclusion
Vaults:2 Mennas


Innate Abilities, Weirdness & Mutations

You are immune to sickness and miasma.
You are immune to poison.
Your flesh is very heat resistant. (rF++)
You are vulnerable to cold. (rC-)
You float through the air rather than walking.
You learn spells naturally, not from books.
Your magical power is your life essence.
You have superior vitality. (+4 MHP)


Message History

Zombie hands grab Mennas.
Zombie hands grab the ironbound thunderhulk.
The zombie hands constrict Mennas.
The zombie hands constrict the ironbound thunderhulk!
The ironbound thunderhulk struggles to escape constriction.
Mennas gestures frantically.
You resist with almost no effort.
Mennas resists with almost no effort.
Your eight-headed hydra appears confused.
Your cactus giant appears confused.
Your eight-headed hydra bites Mennas but does no damage. x2
Your eight-headed hydra bites Mennas!
Your eight-headed hydra bites Mennas but does no damage.
Your eight-headed hydra closely misses Mennas.
Your eight-headed hydra bites Mennas!
Your eight-headed hydra barely misses Mennas.
Your eight-headed hydra bites Mennas but does no damage.
Your eight-headed hydra bites itself! x5; Your eight-headed hydra bites itself.
Your eight-headed hydra bites itself!
Your eight-headed hydra dies!
Your eight-headed hydra's corpse disappears in a puff of smoke!
Unknown command.
The zombie hands constrict Mennas!
The zombie hands constrict the ironbound thunderhulk!
Mennas gestures frantically.
Mennas's surroundings become eerily quiet.
Strange energies crackle from the ironbound thunderhulk's apparatus.
The ironbound thunderhulk blinks free!
Mennas escapes!
Your cactus giant hits you but does no damage.
Your cactus giant hits itself with a +0 giant spiked club!
Your lightning spire shoots out a bolt of lightning at Mennas!
The bolt of electricity hits Mennas!
Mennas resists.
There is an open door here.
Mennas seems less confused.
You cannot cast spells when silenced!
Mennas blocks your attack.
Mennas is lightly wounded.
Mennas completely misses you.
Mennas hits you with a +3 sacred scourge of holy wrath!
Electricity crackles from the ironbound thunderhulk's apparatus.
The bolt of lightning hits you!!!
* * * LOW HITPOINT WARNING * * *
Press: ? - help, v - describe, . - travel The floor.
This square is shrouded in silence and is lit by a halo.
Mennas hits the ironbound thunderhulk with a +3 sacred scourge of holy wrath!
Mennas hits the ironbound thunderhulk with a +3 sacred scourge of holy wrath!!
Mennas barely misses the ironbound thunderhulk.
Mennas hits the ironbound thunderhulk with a +3 sacred scourge of holy wrath!!
Mennas hits you but does no damage. Mennas completely misses you.
Mennas shimmers and vanishes!
Mennas blocks your attack.
Mennas is lightly wounded.
Mennas hits you with a +3 sacred scourge of holy wrath!
* * * LOW HITPOINT WARNING * * *
You block Mennas's attack.
Electricity crackles from the ironbound thunderhulk's apparatus.
The bolt of lightning misses you.
Mennas hits you with a +3 sacred scourge of holy wrath!
* * * LOW HITPOINT WARNING * * *
You block Mennas's attack. Mennas blocks your attack.
Mennas is lightly wounded.
You block Mennas's attack. x2
You slash Mennas!
Mennas is lightly wounded.
Your cactus giant seems less confused.
Mennas hits you but does no damage.
Mennas hits you with a +3 sacred scourge of holy wrath!
* * * LOW HITPOINT WARNING * * *
Strange energies crackle from the ironbound thunderhulk's apparatus.
The ironbound thunderhulk blinks!
Mennas blocks your attack.
Mennas is lightly wounded.
Mennas closely misses you. You block Mennas's attack.
Your cactus giant hits Mennas but does no damage.
Mennas closely misses you. Mennas hits you but does no damage.
Electricity crackles from the ironbound thunderhulk's apparatus.
The bolt of lightning misses you.
Unknown command.
Mennas blocks your attack.
Mennas is lightly wounded.
Mennas hits you with a +3 sacred scourge of holy wrath!!
* * * LOW HITPOINT WARNING * * *
You block Mennas's attack. Mennas blocks your attack.
Mennas is lightly wounded.
Mennas hits you with a +3 sacred scourge of holy wrath!
* * * LOW HITPOINT WARNING * * *
You block Mennas's attack.
Mennas hits you with a +3 sacred scourge of holy wrath.
* * * LOW HITPOINT WARNING * * *
Mennas hits you with a +3 sacred scourge of holy wrath!
* * * LOW HITPOINT WARNING * * *
The ironbound thunderhulk hits you with a +0 dire flail!!
* * * LOW HITPOINT WARNING * * *
Mennas attacks as you move away! You block Mennas's attack. x2
Mennas becomes audible again.
Mennas hits you with a +3 sacred scourge of holy wrath!
You die...

* , * ,,* , * ,,, #####
, , * ##...## , ,,,*
##.@...##
'*###########OA...>.##
,,
........##.C#####..##
.......8#...#...#...# #
, ........#...'.=.#...#
# ,
........'...#...#...# #
..§.....##..#####..## #
,,,........###.......##
# ,........# ##.....##
#


You could see Mennas (ally target), an ironbound thunderhulk and a friendly
cactus giant (summoned).

Vanquished Creatures
  Vashnia (Snake:2)
  Rupert (D:12)
  Jorgrun (Shoals:2)
  Mlioglotl (Snake:2)
  2 quicksilver dragons (Snake:4)
  3 deep elf blademasters (Elf:3)
  3 deep elf master archers (Elf:3)
  A sphinx (Shoals:4)
  Agnes (Elf:1)
  2 tentacled starspawn (Abyss:3)
  The ghost of Cihivoiw the Ruinous, an adept TeCj of Sif Muna (Shoals:2)
  2 shadow dragons (Elf:1)
  Ilsuiw (Shoals:2)
  Kirke (D:15)
  3 vault wardens
  8 deep elf sorcerers
  Louise (Shoals:3)
  2 reapers (IceCv)
  3 ironbound preservers
  5 deep elf elementalists (Elf:3)
  An orc warlord (Orc:2)
  5 very ugly things
  6 deep elf demonologists
  A war gargoyle (Vaults:1)
  4 deep elf annihilators (Elf:3)
  An ironbound thunderhulk (Vaults:1)
  Azrael (Elf:1)
  A minotaur (Shoals:4)
  2 merfolk javelineers
  3 deep elf death magi
  An ettin (D:15)
  3 merfolk impalers
  An entropy weaver (Vaults:2)
  A fire dragon (Volcano)
  4 deep elf high priests
  An entropy weaver (shapeshifter) (Elf:1)
  A great orb of eyes (Vaults:2)
  A yaktaur captain (Vaults:2)
  2 ice dragons (Elf:1)
  5 vault guards
  A catoblepas (Shoals:2)
  2 salamander tyrants
  A merfolk avatar (Shoals:3)
  3 boulder beetles
  An ironbound frostheart (Vaults:1)
  3 centaur warriors
  4 merfolk aquamancers
  2 peacekeepers
  8 satyrs
  16 dancing weapons
  6 two-headed ogres
  7 anacondas
  12 naga warriors
  8 shock serpents
  11 naga sharpshooters
  A thrashing horror (Abyss:3)
  3 tengu warriors
  14 deep elf knights
  A sun demon (Abyss:3)
  Amaemon (Lair:2)
  8 sea snakes
  An orange crystal statue (IceCv)
  2 lindwurms (Vaults:1)
  9 deep trolls
  An obsidian statue (IceCv)
  A bog body (IceCv)
  4 orc knights
  4 spriggan simulacra (IceCv)
  A harpy (shapeshifter) (Elf:1)
  13 deep elf archers
  2 wizards
  7 mana vipers
  25 deep elf pyromancers
  15 deep elf zephyrmancers
  24 harpies
  6 ironbound convokers
  6 naga ritualists
  A cyclops (shapeshifter) (D:15)
  10 cyclopes
  An oklob plant (Lair:5)
  10 fauns
  An ugly thing (Abyss:3)
  8 elephants
  18 manticores
  10 salamanders
  2 orc sorcerers
  8 merfolk sirens
  2 guardian serpents
  A guardian serpent (shapeshifter) (Elf:1)
  3 water nymphs
  An eye of devastation (Abyss:3)
  11 naga magi
  6 vault sentinels
  Maggie (D:6)
  23 black mambas
  2 gargoyles (D:10)
  6 cane toads
  4 unseen horrors
  2 orange demons
  2 torpor snails
  A kobold demonologist (D:12)
  A yaktaur (shapeshifter) (Elf:2)
  12 yaktaurs
  2 rime drakes
  7 komodo dragons
  2 tengu conjurers (D:15)
  9 freezing wraiths (IceCv)
  4 ice devils (IceCv)
  A queen bee (Lair:2)
  7 trolls
  2 hornets (Lair:5)
  15 merfolk
  3 wind drakes
  5 meliai
  A polar bear (Lair:5)
  5 slime creatures
  15 blink frogs (Lair:5)
  20 dream sheep
  21 water elementals
  5 snapping turtles
  4 flying skulls (Abyss:3)
  3 air elementals
  5 starcursed masses (Abyss:3)
  2 shadows
  48 yaks
  2 basilisks
  A ynoxinul (Abyss:3)
  4 fire elementals
  2 wraiths
  6 fire bats (Volcano)
  7 wyverns
  2 redbacks (Vaults:2)
  A human (shapeshifter) (D:14)
  A small abomination (Abyss:3)
  6 steam dragons
  4 vampire mosquitoes
  3 chaos spawn (Abyss:3)
  9 wargs
  A harpy simulacrum (IceCv)
  28 nagas
  6 water moccasins
  An ice beast (D:7)
  An ettin simulacrum (IceCv)
  26 orc warriors
  A black bear (D:4)
  6 boggarts
  A boggart (shapeshifter) (Elf:1)
  A tengu (shapeshifter) (Elf:1)
  22 centaurs
  9 ogres
  A phantom (D:6)
  4 kobold brigands (D:7)
  5 bullfrogs
  5 deep troll simulacra (IceCv)
  3 gnoll sergeants
  A scorpion (shapeshifter) (Elf:1)
  A necrophage (D:6)
  6 scorpions
  13 wights
  2 lindwurm simulacra (IceCv)
  20 killer bees
  A howler monkey (D:10)
  7 electric eels
  7 hounds
  16 orc priests
  A jelly (D:7)
  2 iron imps (Abyss:3)
  Crazy Yiuf (D:3)
  Jessica (D:2)
  Terence (D:2)
  4 iguanas (D:6)
  23 orc wizards
  Natasha (thrice) (D:3)
  Robin (D:2)
  17 gnolls
  3 adders
  An adder (shapeshifter) (Elf:1)
  A shadow imp (D:7)
  A white imp (D:7)
  An ufetubus (Abyss:3)
  2 worms (D:3)
  4 dart slugs
  82 orcs
  3 endoplasms (D:1)
  7 giant cockroaches
  12 goblins
  23 hobgoblins
  2 jackals (D:4)
  3 quokkas
  11 ball pythons
  7 bats
  5 frilled lizards
  23 kobolds
  2 rats
  A fulminant prism (D:13)
  3 starspawn tentacles
1149 creatures vanquished.

Vanquished Creatures (collateral kills)
  A deep elf blademaster (Elf:3)
  A tentacled starspawn (Abyss:3)
  Polyphemus (Shoals:2)
  2 sphinxes
  3 nagarajas (Snake:4)
  A deep elf sorcerer (Elf:3)
  Aizul (Snake:2)
  2 deep elf elementalists (Elf:3)
  3 ironbound preservers
  2 ironbound thunderhulks
  A minotaur (Shoals:4)
  A merfolk impaler (Shoals:3)
  A crystal guardian (Vaults:1)
  2 vault guards (D:13)
  2 hydras
  4 anacondas
  A merfolk avatar (Lair:5)
  5 naga warriors
  2 centaur warriors
  A dancing weapon (Elf:3)
  4 satyrs (Shoals:4)
  A boulder beetle (D:12)
  4 death yaks (Shoals:2)
  2 orc high priests
  A two-headed ogre (D:13)
  A hell knight (D:15)
  2 shock serpents
  3 naga sharpshooters
  3 deep elf knights (Elf:1)
  A tengu warrior (D:15)
  2 salamander mystics (Snake:3)
  6 sea snakes
  10 deep trolls
  3 deep elf archers
  An ironbound convoker (Vaults:1)
  2 orc knights
  A lindwurm (Vaults:1)
  2 harpies
  4 deep elf zephyrmancers
  A spriggan simulacrum (IceCv)
  4 deep elf pyromancers
  4 mana vipers
  2 orc sorcerers
  5 manticores
  A wolf spider (D:14)
  2 oklob plants
  2 fauns
  An ugly thing (D:13)
  9 salamanders
  5 cyclopes
  An elephant (Lair:3)
  20 black mambas
  7 naga magi
  3 vault sentinels (Vaults:2)
  A rust devil (Abyss:3)
  A gargoyle (D:13)
  2 guardian serpents
  2 merfolk sirens
  4 cane toads
  2 yaktaurs
  A kobold demonologist (D:12)
  4 komodo dragons
  A tengu conjurer (D:15)
  2 meliai
  3 wind drakes
  A polar bear (Lair:5)
  7 merfolk
  A troll (Orc:1)
  A hornet (Lair:5)
  5 blink frogs (Lair:5)
  9 slime creatures
  4 snapping turtles
  9 dream sheep
  An air elemental (Elf:1)
  A large abomination (Abyss:3)
  A wraith (D:12)
  17 yaks
  A small abomination (Abyss:3)
  A water elemental (Shoals:4)
  4 wyverns
  2 steam dragons
  2 hogs (D:15)
  A human (D:13)
  2 fire bats (Volcano)
  3 fire elementals (Elf:1)
  A redback (D:14)
  5 nagas
  2 wargs
  A hydra simulacrum (IceCv)
  5 water moccasins
  A hell hound (Elf:1)
  22 orc warriors
  An alligator simulacrum (IceCv)
  An ettin simulacrum (IceCv)
  4 ogres
  7 centaurs
  A bullfrog (Lair:4)
  A gnoll sergeant (D:8)
  A deep troll simulacrum (IceCv)
  3 jellies (Lair:3)
  4 orc priests
  3 orc wizards
  A gnoll (D:10)
  24 orcs
  15 endoplasms (Lair:3)
  A starspawn tentacle (Abyss:3)
357 creatures vanquished.

Vanquished Creatures (others)
  A deep elf knight (Elf:1)
  6 orcs
  86 fulminant prisms
  31 fungi
  214 plants
  9 starspawn tentacles
347 creatures vanquished.

Grand Total: 1853 creatures vanquished

Notes
Turn   | Place    | Note
-------+----------+-------------------------------------------
     0 | D:1      | RascalDebosk the Djinni Conjurer began the quest for the
                  | Orb.
     0 | D:1      | RascalDebosk set off with the following spells memorised:
                  | Magic Dart, Searing Ray, Dazzling Flash, Fulminant Prism,
                  | Iskenderun's Mystic Blast.
     0 | D:1      | Reached XP level 1. HP: 15/15 MP: 0/0
    93 | D:1      | Reached XP level 2. HP: 20/21 MP: 0/0
   298 | D:1      | Reached XP level 3. HP: 24/25 MP: 0/0
   298 | D:1      | Learned a level 1 spell: Freeze
   370 | D:1      | Reached skill level 4 in Spellcasting
  1199 | D:2      | Reached XP level 4. HP: 30/31 MP: 0/0
  1258 | D:2      | Reached skill level 1 in Fighting
  1306 | D:2      | Found a faded altar of an unknown god.
  1343 | D:2      | Noticed Robin
  1351 | D:2      | Killed Robin
  1460 | D:2      | Noticed Jessica
  1464 | D:2      | Killed Jessica
  1465 | D:2      | Reached XP level 5. HP: 21/37 MP: 0/0
  1465 | D:2      | Learned a level 2 spell: Poisonous Vapours
  1630 | D:2      | Noticed Terence
  1635 | D:2      | Killed Terence
  2041 | D:3      | Reached skill level 5 in Spellcasting
  2041 | D:3      | Reached XP level 6. HP: 25/44 MP: 0/0
  2150 | D:3      | Noticed Natasha
  2158 | D:3      | Killed Natasha
  2330 | D:3      | Noticed Natasha
  2335 | D:3      | Killed Natasha
  2545 | D:3      | Found a runed translucent door.
  2546 | D:3      | Noticed Crazy Yiuf
  2552 | D:3      | Killed Crazy Yiuf
  2591 | D:3      | Noticed Natasha
  2594 | D:3      | Killed Natasha
  2728 | D:4      | Reached skill level 1 in Armour
  2728 | D:4      | Reached XP level 7. HP: 46/50 MP: 0/0
  2728 | D:4      | Learned a level 2 spell: Scorch
  3080 | D:4      | Found an iron altar of Okawaru.
  3350 | D:4      | Found a hide-covered altar of Uskayaw.
  3681 | D:5      | Entered Level 5 of the Dungeon
  3886 | D:5      | Found a staircase to the Ecumenical Temple.
  3896 | Temple   | Entered the Ecumenical Temple
  4151 | D:5      | Found an opulent altar of Gozag.
  4256 | D:5      | Reached skill level 6 in Spellcasting
  4272 | D:5      | Noticed a two-headed ogre
  4280 | D:5      | Reached XP level 8. HP: 42/58 MP: 0/0
  4288 | D:5      | Killed a two-headed ogre
  4289 | D:5      | Reached skill level 5 in Fighting
  4586 | D:6      | Reached skill level 7 in Spellcasting
  4586 | D:6      | Reached XP level 9. HP: 45/65 MP: 0/0
  4586 | D:6      | Learned a level 4 spell: Airstrike
  4783 | D:6      | Upgraded the game from 0.30-a0-335-ge5acde7520 to
                  | 0.30-a0-339-g89bb51ec76
  4828 | D:6      | Reached skill level 1 in Evocations
  5567 | D:6      | Noticed Maggie
  5579 | D:6      | Killed Maggie
  5580 | D:6      | Reached skill level 8 in Spellcasting
  6074 | D:7      | Reached XP level 10. HP: 64/73 MP: 0/0
  6226 | D:7      | Noticed a two-headed ogre
  6231 | D:7      | Killed a two-headed ogre
  6824 | D:7      | Reached skill level 9 in Spellcasting
  7299 | D:7      | Reached skill level 5 in Evocations
  7977 | D:8      | Reached XP level 11. HP: 71/81 MP: 0/0
  7977 | D:8      | Learned a level 4 spell: Summon Lightning Spire
  8225 | D:8      | Found Cheibriados's Comfort Zone.
  8227 | D:8      | Found a snail-covered altar of Cheibriados.
  8285 | D:8      | Reached skill level 5 in Armour
  8972 | D:9      | Reached skill level 10 in Spellcasting
  9049 | D:9      | Found a broken altar of Ashenzari.
  9057 | D:9      | Became a worshipper of Ashenzari the Shackled
  9397 | D:9      | Found a staircase to the Lair.
  9859 | D:10     | Entered Level 10 of the Dungeon
 10156 | D:10     | Noticed a cyclops
 10157 | D:10     | Found a runed translucent door.
 10176 | D:10     | Killed a cyclops
 10537 | D:10     | Reached XP level 12. HP: 54/89 MP: 0/0
 10633 | D:10     | Reached skill level 11 in Spellcasting
 10745 | D:10     | Found Tiawug's Magic Scroll Boutique.
 10750 | D:10     | Bought 3 scrolls of teleportation for 90 gold pieces
 10750 | D:10     | Bought a scroll of magic mapping for 75 gold pieces
 10750 | D:10     | Bought a scroll of enchant armour for 75 gold pieces
 10750 | D:10     | Bought a scroll of enchant armour for 75 gold pieces
 10750 | D:10     | Bought a scroll of teleportation for 30 gold pieces
 10750 | D:10     | Bought a scroll of magic mapping for 75 gold pieces
 10750 | D:10     | Bought a scroll of identify for 20 gold pieces
 10750 | D:10     | Bought a scroll of teleportation for 30 gold pieces
 10750 | D:10     | Bought a scroll of amnesia for 40 gold pieces
 10880 | D:11     | Found Xaxatit's Armour Emporium.
 10887 | D:11     | Bought a +1 pair of gloves of strength for 198 gold pieces
 10932 | D:11     | Found a staircase to the Orcish Mines.
 11517 | D:11     | Reached skill level 5 in Dodging
 11724 | D:12     | Noticed a boulder beetle
 11733 | D:12     | Killed a boulder beetle
 11734 | D:12     | Reached skill level 10 in Fighting
 11833 | D:12     | Noticed a boulder beetle
 11839 | D:12     | Noticed a two-headed ogre
 11845 | D:12     | Killed a two-headed ogre
 11848 | D:12     | Killed a boulder beetle
 11848 | D:12     | Noticed Rupert
 11861 | D:12     | Killed Rupert
 11862 | D:12     | Reached skill level 12 in Spellcasting
 11862 | D:12     | Reached XP level 13. HP: 50/97 MP: 0/0
 11862 | D:12     | Learned a level 5 spell: Borgnjor's Vile Clutch
 12135 | D:12     | You are sucked into a shaft and drop 1 floor!
 12171 | D:13     | Identified the amulet "Woutin" {Reflect rC- Str+4 SH+5
                  | Stlth+}
 12842 | D:12     | Found a hazy altar of Hepliaklqana.
 12954 | D:13     | Noticed a centaur warrior
 12967 | D:13     | Killed a centaur warrior
 13207 | D:13     | Noticed a vault guard
 13228 | D:13     | Killed a vault guard
 13231 | D:13     | Noticed a vault guard
 13241 | D:13     | Killed a vault guard
 13278 | D:13     | Noticed a vault guard
 13286 | D:13     | Killed a vault guard
 13312 | D:13     | Found a gate to the Vaults.
 13312 | D:13     | Noticed a vault guard
 13312 | D:13     | Noticed a vault guard
 13317 | D:13     | Killed a vault guard
 13318 | D:13     | Killed a vault guard
 13319 | D:13     | Reached skill level 13 in Spellcasting
 13384 | D:13     | Noticed a centaur warrior
 13404 | D:13     | Killed a centaur warrior
 14105 | Lair:1   | Entered Level 1 of the Lair of Beasts
 14203 | Lair:1   | Reached XP level 14. HP: 98/107 MP: 0/0
 14217 | Lair:1   | Found a dark tunnel.
 14226 | Volcano  | Entered a volcano
 14370 | Volcano  | Reached * piety under Ashenzari
 14370 | Volcano  | Identified a scroll of acquirement
 14371 | Volcano  | Acquired the amulet of the Skies Above {Reflect rN+ SH+5}
 15139 | Lair:1   | Reached skill level 14 in Spellcasting
 15494 | Lair:2   | Noticed Amaemon
 15502 | Lair:2   | Killed Amaemon
 15598 | Lair:2   | Reached skill level 1 in Long Blades
 16220 | Lair:3   | Found a staircase to the Snake Pit.
 16718 | Lair:3   | Found a staircase to the Shoals.
 17059 | Lair:4   | Reached XP level 15. HP: 101/117 MP: 0/0
 17059 | Lair:4   | Learned a level 6 spell: Dispersal
 17556 | Lair:4   | Reached ** piety under Ashenzari
 17948 | Lair:5   | Entered Level 5 of the Lair of Beasts
 18285 | Lair:5   | Identified the amulet of Wuwo {Faith Dex+3}
 18298 | Lair:5   | Reached skill level 15 in Spellcasting
 18310 | Lair:5   | Reached skill level 5 in Long Blades
 18395 | Lair:5   | Reached *** piety under Ashenzari
 18484 | Lair:5   | Found the +7 captain's cutlass {speed, disarm}
 18601 | Lair:5   | Found a viscous altar of Jiyva.
 18601 | Lair:5   | Found a staircase to the Slime Pits.
 18837 | Lair:5   | Identified the +9 plate armour "Rasugrepn" {rCorr Dex+6}
 19211 | Orc:1    | Entered Level 1 of the Orcish Mines
 19267 | Orc:1    | Reached skill level 1 in Short Blades
 19845 | Orc:2    | Entered Level 2 of the Orcish Mines
 19902 | Orc:2    | HP: 3/121 [centaur/arrow (12)]
 20079 | Orc:2    | Reached XP level 16. HP: 125/128 MP: 0/0
 20260 | Orc:2    | Found a staircase to the Elven Halls.
 20331 | Orc:2    | Found Teismawn's Book Boutique.
 20331 | Orc:2    | Found Hebesih's Book Emporium.
 20331 | Orc:2    | Found Gelaet's General Store.
 20334 | Orc:2    | Found Hafryeq's Antique Weapon Shop.
 20347 | Orc:2    | Bought 3 scrolls of enchant armour for 292 gold pieces
 20347 | Orc:2    | Bought a scroll of teleportation for 39 gold pieces
 20347 | Orc:2    | Bought a scroll of poison for 52 gold pieces
 20347 | Orc:2    | Bought 2 potions of resistance for 260 gold pieces
 20347 | Orc:2    | Bought a potion of curing for 39 gold pieces
 20357 | Orc:2    | Bought a +0 demon blade of draining for 377 gold pieces
 20793 | Snake:1  | Entered Level 1 of the Snake Pit
 20940 | Snake:1  | Reached skill level 16 in Spellcasting
 21581 | Snake:1  | Identified the +8 spear "Newt's Bane" {speed, rElec Str+2}
 22229 | Snake:2  | Noticed Aizul
 22236 | Snake:2  | Killed Aizul
 22261 | Snake:2  | Noticed Mlioglotl
 22268 | Snake:2  | Noticed a tentacled starspawn
 22276 | Snake:2  | Killed Mlioglotl
 22277 | Snake:2  | Reached skill level 15 in Fighting
 22404 | Snake:2  | Noticed Vashnia
 22423 | Snake:2  | Reached XP level 17. HP: 126/141 MP: 0/0
 22423 | Snake:2  | Learned a level 6 spell: Summon Cactus Giant
 22435 | Snake:2  | Killed Vashnia
 22575 | Snake:2  | Reached skill level 17 in Spellcasting
 22915 | Snake:2  | Reached **** piety under Ashenzari
 23311 | Snake:3  | Found a sparkling altar of Nemelex Xobeh.
 23811 | Snake:4  | Entered Level 4 of the Snake Pit
 23854 | Snake:4  | Upgraded the game from 0.30-a0-339-g89bb51ec76 to
                  | 0.30-a0-341-g682706514a
 24057 | Snake:4  | Reached skill level 18 in Spellcasting
 24269 | Snake:4  | Reached XP level 18. HP: 103/156 MP: 0/0
 24566 | Snake:4  | Noticed a quicksilver dragon
 24566 | Snake:4  | Noticed a quicksilver dragon
 24575 | Snake:4  | Killed a quicksilver dragon
 24575 | Snake:4  | Killed a quicksilver dragon
 24693 | Snake:4  | Got a serpentine rune of Zot
 25525 | D:14     | Reached skill level 1 in Shields
 25610 | D:14     | Identified the amulet "Fusm" {RegenMP Str+3 Stlth+}
 25654 | D:14     | Found a hide-covered altar of Uskayaw.
 25758 | D:14     | Found a portal to a secret trove of treasure.
 25996 | D:14     | Found a frozen archway.
 26002 | IceCv    | Entered an ice cave
 26224 | IceCv    | Found the +8 frozen axe "Frostbite" {freezing cloud, *Noise
                  | Fly rC+}
 26291 | IceCv    | Identified the +1 pair of boots of the Slorg {Rampage rN+
                  | Int-3 Dex+7}
 26596 | D:15     | Entered Level 15 of the Dungeon
 26725 | D:15     | Noticed Kirke
 26730 | D:15     | Killed Kirke
 26925 | D:15     | Reached skill level 19 in Spellcasting
 26999 | D:15     | Found Cesiruig's Self-Improvement Boutique.
 27135 | D:15     | Reached XP level 19. HP: 140/164 MP: 0/0
 27135 | D:15     | Learned a level 7 spell: Dragon Form
 27233 | D:15     | Found a staircase to the Depths.
 27233 | D:15     | Identified the cursed +2 cloak "Restrained Inaction" {Self,
                  | Cun} (You found it on level 3 of the Lair of Beasts)
 27233 | D:15     | Identified the cursed +2 helmet of the Prophetic Sky {Self,
                  | Melee} (You took it off Robin on level 2 of the Dungeon)
 27233 | D:15     | Identified the cursed +4 troll leather armour of the
                  | Gnostic Scepticism {Regen+, Self, Cun} (You found it on
                  | level 10 of the Dungeon)
 27524 | Elf:1    | Entered Level 1 of the Elven Halls
 27595 | Elf:1    | Noticed Agnes
 27599 | Abyss:2  | Cast into level 2 of the Abyss (Agnes)
 27636 | Elf:1    | Escaped the Abyss
 27642 | Elf:1    | Killed Agnes
 27802 | Elf:1    | Reached skill level 5 in Shields
 27864 | Elf:1    | Found Feemnap's Jewellery Emporium.
 28030 | Elf:1    | Paralysed by an air elemental for 1 turns
 28082 | Elf:1    | Identified the +1 pair of boots of Muuzaric {rC+ rN+ Int-3}
 28083 | Elf:1    | Found a runed translucent gate.
 28083 | Elf:1    | Found a runed translucent gate.
 28083 | Elf:1    | Found a runed translucent gate.
 28083 | Elf:1    | Found a runed translucent gate.
 28083 | Elf:1    | Found a runed translucent gate.
 28083 | Elf:1    | Found the +3 pair of gauntlets of War {Slay+5}
 28084 | Elf:1    | Found a runed translucent gate.
 28270 | Elf:1    | Noticed Azrael
 28293 | Elf:1    | Killed Azrael
 28623 | Elf:1    | Found a runed translucent gate.
 28623 | Elf:1    | Found a runed translucent gate.
 28623 | Elf:1    | Found a runed translucent gate.
 28629 | Elf:1    | Noticed a tentacled monstrosity
 28630 | Elf:1    | Noticed a tentacled monstrosity
 28781 | Elf:1    | Identified Guceepac's Parchment of Evolution
 29127 | Elf:2    | Found Alagyazu's Weapon Boutique.
 29480 | Elf:2    | Identified the +2 pair of boots of Mumblety Peg {rN+++
                  | Int+4 Stlth-}
 29654 | Elf:2    | Found a runed translucent gate.
 29654 | Elf:2    | Found a runed translucent gate.
 29654 | Elf:2    | Found a runed translucent gate.
 29836 | Elf:3    | Entered Level 3 of the Elven Halls
 29874 | Elf:3    | Reached XP level 20. HP: 158/173 MP: 0/0
 30116 | Elf:3    | Paralysed by an air elemental for 1 turns
 30119 | Elf:3    | Reached skill level 20 in Spellcasting
 30140 | Elf:3    | Found Tim Luir's Vocational Training.
 30153 | Abyss:3  | Cast into level 3 of the Abyss (a deep elf sorcerer)
 30190 | Abyss:3  | Noticed a profane servitor
 30313 | Abyss:3  | Noticed a bone dragon
 30347 | Elf:3    | Escaped the Abyss
 31030 | Elf:3    | Paralysed by an air elemental for 1 turns
 31691 | Elf:3    | Identified the +1 great sword "Rumunok" {vamp, Will- Int+7
                  | Dex+3}
 31868 | Elf:3    | Reached XP level 21. HP: 169/181 MP: 0/0
 31868 | Elf:3    | Learned a level 7 spell: Summon Hydra
 31880 | Elf:3    | Found the +3 warlock's mirror {reflect}
 31881 | Elf:3    | Identified the +5 mace of False Accusations {freeze,
                  | *Corrode Fly rPois Dex+2}
 31883 | Elf:3    | Identified the +9 falchion of Ashenzari's Approval {vorpal,
                  | *Rage rPois Int+4}
 31945 | Elf:3    | Identified the Handbook of Blasting and Transformation
 31950 | Elf:3    | Identified the +8 glaive of the Shimmering Gods {flame,
                  | rF+++ Str-2 Dex+6}
 32042 | Elf:3    | Identified the +4 sling of Xom's Hatred {vorpal, Fragile
                  | Str-4 Int+7}
 32461 | Shoals:1 | Entered Level 1 of the Shoals
 32501 | Shoals:1 | Found Piurch's Armour Shop.
 33349 | Shoals:2 | Noticed Ilsuiw
 33357 | Shoals:2 | Killed Ilsuiw
 33416 | Shoals:2 | Noticed Jorgrun
 33424 | Shoals:2 | Killed Jorgrun
 33471 | Shoals:2 | Noticed Polyphemus
 33487 | Shoals:2 | Killed Polyphemus
 33519 | Shoals:2 | Identified the +0 pair of gloves of Dareim {Regen+ Str+2}
 33666 | Shoals:2 | Found a runed translucent door.
 33670 | Shoals:2 | Noticed Cihivoiw's ghost (adept TeCj)
 33679 | Shoals:2 | Killed Cihivoiw's ghost
 33889 | Shoals:3 | Reached skill level 10 in Shields
 33939 | Shoals:3 | Reached skill level 21 in Spellcasting
 34279 | Shoals:3 | Identified the +0 ring mail of Misanthropy {rPois rCorr}
 34282 | Shoals:3 | Noticed Louise
 34288 | Shoals:3 | Killed Louise
 34482 | Shoals:4 | Entered Level 4 of the Shoals
 34774 | Shoals:4 | Reached XP level 22. HP: 75/191 MP: 0/0
 34995 | Shoals:4 | Identified the Anthology of Hindering Peregrination
 34995 | Shoals:4 | Identified the Treatise on the Tesseract and Fire
 35157 | Shoals:4 | Got a barnacled rune of Zot
 35158 | Shoals:4 | Reached ***** piety under Ashenzari
 35861 | Vaults:1 | Entered Level 1 of the Vaults
 35884 | Vaults:1 | Found a gateway to a bazaar.
 35896 | Bazaar   | Entered a bazaar
 35900 | Bazaar   | Found Tetaoz's Book Boutique.
 35911 | Bazaar   | Found Iluwejung's General Store.
 35921 | Bazaar   | Found Niasch Siomy's Magic Scroll Emporium.
 35932 | Bazaar   | Found Raddil's Antique Weapon Boutique.
 35947 | Bazaar   | Found Touffergh's Antique Armour Shoppe.
 36904 | Vaults:1 | Reached skill level 22 in Spellcasting
 37786 | Vaults:2 | Noticed Mennas
 37804 | Vaults:2 | HP: 4/194 [ironbound thunderhulk/+0 dire flail (20)]
 37805 | Vaults:2 | Slain by Mennas

Illustrated notes

Levels and vault maps discovered:
D:1:      lightli_arrival_maybe_door_vault, layout_rooms
D:2:      layout_loops_ring, dreamdust_ecumenical_altar_angels_and_demons,
          nicolae_hexahallways, roderic_roman_lattice, minmay_misc_feat_columns,
          uniq_robin, uniq_terence, uniq_jessica
D:3:      layout_rooms, mrwooster_statue_mirror, nrook_loot_triangle,
          uniq_crazy_yiuf_cottage, uniq_natasha
D:4:      layout_gridville, overflow_temple_1_default,
          okawaru_altar_gauntlet_db, serial_rivers,
          chequers_serial_rivers_large_a, chequers_serial_rivers_small_3,
          chequers_serial_rivers_small_3, chequers_serial_rivers_small_b,
          chequers_serial_rivers_micro_c, chequers_serial_rivers_micro_e
D:5:      layout_rooms, nicolae_gozag_cash_rules_everything_around_me,
          minmay_temple_entry_grid, nicolae_titane
D:6:      hellmonk_crumbling_castle, layout_loops_corners, minivault_1,
          uniq_maggie
D:7:      kennysheep_housing_project, layout_gridville, kennysheep_dice
D:8:      layout_gridville, chequers_ossuary_entry_cave, minmay_shop_chei
D:9:      layout_rooms, lemuel_round_altar, erik_lair_orcish_takeover
D:10:     layout_cave_pools, serial_shops, nicolae_shop_statue_plus,
          minmay_st_funbox
D:11:     layout_roguey [special_room_orc], orc_0_dummy, serial_shops,
          nicolae_shop_window_shopping
D:12:     layout_loops_ring, minmay_misc_feat_iff,
          nicolae_hepliaklqana_hippocampus, uniq_rupert
D:13:     layout_stronghold, grunt_vaults_entry_fortified,
          small_chamber_with_monster
D:14:     kennysheep_four_of_diamonds, layout_cave_pools,
          nicolae_uskayaw_dance_hall, portal_ice_cave_entry_pillars_2,
          enter_trove_6
D:15:     hangedman_depths_entry_civil_slaughter, layout_gridville,
          nicolae_concentric_dashed_squares_mild, nicolae_shop_self_help,
          uniq_kirke
Temple:   eino_narrow_crystal_temple
Lair:1:   wander_river, layout_chaotic_city, enter_volcano_1, lemuel_fruit_tree
Lair:2:   layout_misc_corridors, special_room [special_room_bee], uniq_amaemon
Lair:3:   lemuel_slime, layout_misc_corridors, elwin_shoals_entry_rooms,
          dummy_snake_entry
Lair:4:   layout_cave_pods, serial_bayou_shore_a
Lair:5:   gammafunk_lair_ancient_temple, layout_regular_city,
          dpeg_slime_entry_corner, grunt_forest_small_clearing_treed
Shoals:1: layout_shoals, serial_shops, shop
Shoals:2: layout_shoals, ebering_ghost_reflecting_pool, uniq_ilsuiw,
          uniq_polyphemus, uniq_jorgrun
Shoals:3: layout_shoals, uniq_louise
Shoals:4: shoals_end_hellmonk_lost_city, serial_shops
Snake:1:  layout_grid_maze
Snake:2:  layout_cave_pods, uniq_aizul, uniq_vashnia, uniq_mlioglotl
Snake:3:  layout_grid_maze, basic_altar
Snake:4:  hellmonk_snake_rune_quicksilver_temple, layout_rooms,
          nicolae_snake_bzzzt
Orc:1:    layout_caves, basic_altar, nooodl_orcs_dogs
Orc:2:    st_orc_rangers, layout_caves
Elf:1:    layout_onion_city, ploomutoo_gammafunk_ghost_potion_laboratory,
          serial_shops, shop, orc_legates, nicolae_elf_shapeshifter_party,
          lemuel_upstairs_altar, uniq_agnes, uniq_azrael
Elf:2:    elven_hall_of_blades_hangedman_original [nicolae_blade_bullseye],
          layout_geoelf_diagonals, serial_shops, nicolae_stop_n_shop_2
Elf:3:    minmay_elf_hall_furrowed, layout_onion_city, st_stairs_9,
          grunt_ministairs_13, hangedman_elven_ridges, solitary_fountain,
          nicolae_shop_vocational
Vaults:1: vaults_room_corners, v_misc_30, grunt_vaults_funnel,
          nicolae_vaults_yaktaur_gun_rack, v_pattern_5, grunt_vaults_twisty,
          v_misc_23, v_misc_24, v_misc_17, vaults_room_door_ring,
          nicolae_vaults_circle_grid_a, hangedman_vaults_impose,
          vaults_room_stairs_pillars, ontoclasm_vaults_tryst,
          layout_vaults_omnibox, serial_shops, bzr_entry_safe
Vaults:2: v_misc_10, hangedman_vaults_unwind, nicolae_vaults_big_angled_halls,
          nicolae_vaults_little_squares_6, v_misc_15, hangedman_vaults_cutoff,
          vaults_room_pools, v_misc_10, v_rooms_4,
          nicolae_vaults_network_quinsquares
          [nicolae_vaults_network_quincunx_subvault,
          nicolae_vaults_network_quincunx_subvault,
          nicolae_vaults_network_quincunx_subvault,
          nicolae_vaults_network_quincunx_subvault], v_misc_22, v_misc_24,
          v_misc_16, layout_vaults_maze, uniq_mennas

Skill      XL: |  1  2  3  4  5  6  7  8  9 10 11 12 13 14 15 16 17 18 19 20 21 22 |
---------------+-------------------------------------------------------------------+-----
Spellcasting   | 4 5 6 7 8 9 10 12 13 14 15 16 18 19 20 21 22 | 22.3
Fighting       | 1 2 3 5 6 7 9 10 11 12 13 15 16 17 18 19 20 | 20.3
Armour         | 1 2 3 4 6 |  6.3
Evocations     | 3 5 |  5.0
Dodging        | 3 6 8 9 |  9.1
Long Blades    | 3 5 |  5.3
Short Blades   | 2 |  2.1
Shields        | 4 7 9 10 | 10.0
Stealth        | |  1.5

Action                   |  1- 3 |  4- 6 |  7- 9 | 10-12 | 13-15 | 16-18 | 19-21 | 22-24 || total
-------------------------+-------+-------+-------+-------+-------+-------+-------+-------++-------
Melee: Unarmed           |     1 |       |       |       |       |       |     9 |       ||    10
       Spear             |       |     5 |     9 |       |       |       |       |       ||    14
       Long sword        |       |       |     4 |    88 |    42 |       |       |       ||   134
       Punch             |       |       |       |     1 |     3 |       |       |       ||     4
       Great sword       |       |       |       |       |    40 |       |       |       ||    40
       Cutlass           |       |       |       |       |    17 |       |       |       ||    17
       Demon blade       |       |       |       |       |       |    54 |    96 |    33 ||   183
       Tailslap          |       |       |       |       |       |       |     2 |       ||     2
       Bite              |       |       |       |       |       |       |     1 |       ||     1
 Cast: Magic Dart        |    77 |    35 |    22 |    45 |     1 |     1 |     1 |       ||   182
       Searing Ray       |     1 |    21 |    19 |    31 |    14 |     6 |    10 |     5 ||   107
       Dazzling Flash    |     1 |       |       |       |       |       |       |       ||     1
       Fulminant Prism   |       |    11 |     8 |    27 |    10 |    11 |    12 |     8 ||    87
       Iskenderun's Myst |       |     5 |    17 |   128 |   101 |   119 |    99 |    35 ||   504
       Poisonous Vapours |       |     2 |    30 |    62 |   205 |    65 |   222 |    66 ||   652
       Scorch            |       |       |     2 |     2 |       |       |       |       ||     4
       Airstrike         |       |       |     3 |    14 |    21 |    66 |    84 |    17 ||   205
       Summon Lightning  |       |       |       |     8 |   115 |   127 |    79 |    21 ||   350
       Borgnjor's Vile C |       |       |       |       |   104 |   207 |   245 |    55 ||   611
       Summon Cactus Gia |       |       |       |       |       |    26 |    24 |     4 ||    54
       Dragon Form       |       |       |       |       |       |       |     2 |       ||     2
       Summon Hydra      |       |       |       |       |       |       |    16 |    10 ||    26
Invok: Curse Item        |       |       |       |       |     4 |     3 |     1 |     1 ||     9
       Shatter the Chain |       |       |       |       |     1 |       |     1 |       ||     2
 Abil: Breathe Fire      |       |       |       |       |       |       |     1 |       ||     1
Evoke: Wand              |       |       |       |       |     3 |     5 |       |       ||     8
       Box of beasts     |       |       |       |       |       |     1 |     1 |       ||     2
       Phantom mirror    |       |       |       |       |       |       |       |     1 ||     1
  Use: Scroll            |       |       |     8 |    20 |    11 |    15 |     7 |     2 ||    63
       Potion            |       |       |       |     3 |     4 |     4 |     7 |     1 ||    19
 Stab: Distracted        |       |       |       |       |     4 |     1 |     1 |     1 ||     7
Armor: Robe              |     3 |     7 |       |       |       |       |       |       ||    10
       Leather armour    |       |     2 |    11 |    17 |       |       |       |       ||    30
       Swamp dragon scal |       |       |     1 |    45 |       |       |       |       ||    46
       Troll leather arm |       |       |       |    15 |    52 |    95 |    68 |    11 ||   241
       Skin              |       |       |       |       |       |       |     6 |       ||     6
Dodge: Dodged            |    15 |    19 |    22 |    98 |   178 |   189 |   206 |    73 ||   800
Block: Other             |       |       |       |       |    15 |       |       |       ||    15
       Kite shield       |       |       |       |       |       |    41 |    89 |       ||   130
       Buckler           |       |       |       |       |       |       |    85 |    72 ||   157
       Reflection        |       |       |       |       |       |       |    36 |    27 ||    63

Table legend: (Time is in decaauts)
 A = Elapsed time spent in this place.
 B = Non-inter-level travel time spent in this place.
 C = Inter-level travel time spent in this place.
 D = Time resting spent in this place.
 E = Time spent auto-exploring this place.
 F = Levels seen in this place.
 G = Mean time per level.
                   A        B        C        D        E       F      G
               +--------+--------+--------+--------+--------+-----+--------+
         Total |  37897 |  35389 |   2508 |   4047 |  15623 |  41 |  924.3 |
       Dungeon |  16044 |  14836 |   1208 |   1946 |   9087 |  15 | 1069.6 |
        Temple |    217 |    217 |      0 |      0 |    193 |   1 |  217.0 |
          Lair |   4752 |   4273 |    479 |    186 |   2755 |   5 |  950.4 |
        Shoals |   2946 |   2767 |    179 |    434 |    443 |   4 |  736.5 |
     Snake Pit |   4428 |   4216 |    212 |    139 |   2007 |   4 | 1107.0 |
  Orcish Mines |   1652 |   1516 |    136 |     74 |    692 |   2 |  826.0 |
   Elven Halls |   4625 |   4400 |    225 |    737 |    273 |   3 | 1541.7 |
        Vaults |   1837 |   1770 |     67 |    300 |     51 |   2 |  918.5 |
         Abyss |    230 |    230 |      0 |      0 |      0 |   2 |  115.0 |
        Bazaar |    102 |    102 |      0 |      0 |      0 |   1 |  102.0 |
      Ice Cave |    367 |    367 |      0 |     77 |      0 |   1 |  367.0 |
       Volcano |    692 |    692 |      0 |    154 |    121 |   1 |  692.0 |
               +--------+--------+--------+--------+--------+-----+--------+

Top non-repeatable levels by time:
   Elf:3: 2285 daAuts
     D:7: 1813 daAuts
    D:13: 1771 daAuts
   Elf:1: 1628 daAuts
     D:8: 1405 daAuts
     D:6: 1337 daAuts
Vaults:1: 1260 daAuts
 Snake:4: 1251 daAuts
    D:10: 1163 daAuts
  Lair:5: 1132 daAuts
 Snake:2: 1124 daAuts
     D:2: 1107 daAuts
 Snake:1: 1072 daAuts
  Lair:3: 1027 daAuts
     D:4: 1015 daAuts
